 Dungeon Crawl Stone Soup version 0.31.0-32-g396128a36d (webtiles) character file.

Game seed: 11588664282624238765

270 PaiMei the Grave Robber (level 6, -5/46 HPs)
             Began as a Demonspawn Necromancer on Apr 25, 2024.
             Killed from afar by Ijyb (17 damage)
             ... with a bolt of acid
             ... on level 4 of the Dungeon.
             The game lasted 00:06:21 (4906 turns).

PaiMei the Grave Robber (Demonspawn Necromancer)    Turns: 4906, Time: 00:06:21

Health: -5/46      AC:  2    Str:  8    XL:     6   Next: 1%
Magic:  3/11       EV: 13    Int: 18    God:
Gold:   248        SH:  0    Dex: 13    Spells: 3/11 levels left

rFire   . . .        r - +1 hand axe (elec)
rCold   . . .        (no shield)
rNeg    . . .        a - +0 robe
rPois   .            h - +0 helmet
rElec   .            (no cloak)
rCorr   .            v - +2 pair of gloves
SInv    .            (no boots)
Will    .....        (no amulet)
Stlth   ++           l - +4 ring of protection
HPRegen 0.27/turn    (no ring)
MPRegen 0.12/turn

%: no passive effects
@: corroded
A: foul stench 1
a: no special abilities


You were on level 4 of the Dungeon.
You visited 1 branch of the dungeon, and saw 4 of its levels.

You collected 248 gold pieces.

Inventory:

Hand Weapons
 r - a +1 hand axe of electrocution (weapon)
Missiles
 c - a throwing net
Armour
 a - a +0 robe (worn)
 h - a +0 helmet (worn)
 v - a +2 pair of gloves (worn)
Jewellery
 l - a +4 ring of protection (left hand)
Scrolls
 d - a scroll of brand weapon {unknown}
 e - 2 scrolls of noise {unknown}
 g - 3 scrolls of identify {unknown}
 j - a scroll of teleportation {unknown}
 m - 2 scrolls of vulnerability {unknown}
 n - a scroll of revelation {unknown}
Potions
 b - a potion of magic
 f - 2 potions of curing {unknown}
 i - a potion of mutation {unknown}
 k - a potion of degeneration {unknown}
 o - 3 potions of resistance {unknown}
 p - a potion of haste {unknown}
 q - a potion of berserk rage {unknown}
 s - a potion of brilliance {unknown}
 t - a potion of lignification {unknown}
 u - a potion of heal wounds {unknown}


   Skills:
 + Level 2.5 Fighting
 + Level 3.2 Dodging
 - Level 2.0 Stealth
 + Level 3.3 Spellcasting
 + Level 5.5 Necromancy


You had 3 spell levels left.
You knew the following spells:

 Your Spells              Type           Power      Damage    Failure   Level
a - Necrotise             Necr           88%        1d8       1%          1
b - Vampiric Draining     Necr           22%        2d7       4%          3
c - Animate Dead          Necr           22%        N/A       16%         4

Your spell library contained the following spells:

 Spells                   Type           Power      Damage    Failure   Level
 Volatile Blastmotes      Fire/Tloc      6%         2d10      43%         3
 Curse of Agony           Necr           22%        N/A       41%         5
 Fulminant Prism          Conj/Alch      1%         3d5       83%         4
 Iskenderun's Mystic Bla  Conj/Tloc      3%         2d3       83%         4


Dungeon Overview and Level Annotations

Branches:
Dungeon (4/15)
 Temple: D:4-7

Altars:

Annotations:
D:2 Sigmund
D:4 Edmund, Ijyb


Innate Abilities, Weirdness & Mutations

You may rarely emit foul miasma when damaged in melee.


Message History

You kill the endoplasm!
Ijyb hits you but does no damage.
Casting: Necrotise (safe; 1% risk of failure)
Confirm with . or Enter, or press ? or * to list all spells.
Aiming: Vampiric Draining (dangerous; 4% risk of failure)
Press: ? - help, Shift-Dir - straight line, f - Ijyb
Aim: Ijyb, wielding a +0 dagger, wearing a +0 chain mail and carrying a wand of acid You draw life force from Ijyb!
Ijyb zaps a wand.
The bolt of acid hits you.
You barely miss Ijyb.
Ijyb is moderately wounded.
Ijyb zaps a wand.
The bolt of acid misses you.
Casting: Vampiric Draining (dangerous; 4% risk of failure)
Confirm with . or Enter, or press ? or * to list all spells.
You don't have enough magic to cast this spell.
You hit Ijyb but do no damage.
Ijyb is moderately wounded.
Ijyb zaps a wand.
The bolt of acid hits you! The acid corrodes you!
Casting: Vampiric Draining (dangerous; 4% risk of failure)
Confirm with . or Enter, or press ? or * to list all spells.
You don't have enough magic to cast this spell.
You hit Ijyb but do no damage.
Ijyb is moderately wounded.
Ijyb barely misses you.
Ijyb screams, "Level is mine!
All mine!"
Ijyb hits you with a +0 dagger.
Casting: Vampiric Draining (dangerous; 4% risk of failure)
Confirm with . or Enter, or press ? or * to list all spells.
You don't have enough magic to cast this spell.
You hit Ijyb but do no damage.
Ijyb is moderately wounded.
Ijyb hits you with a +0 dagger.
You hit Ijyb but do no damage.
Ijyb is moderately wounded.
Ijyb hits you with a +0 dagger.
You closely miss Ijyb.
Ijyb is moderately wounded.
Ijyb zaps a wand.
The bolt of acid hits you!!
* * * LOW HITPOINT WARNING * * *
The acid corrodes you!
Ijyb zaps a wand.
The bolt of acid hits you!
You die...

#.#.# #<# #.#.#
#.# #.#.# #.#
#.#.# #.# #.#.#
#.# #...# #.#
##.### #.#
#...# #######.#
##.## #.@.....#
#.# #g#######
#.# #.# #.# #.#
#.# #.# #.# #.#
#
#.####.####....
#...........#
#.####.#######


You could see Ijyb.

Vanquished Creatures
  A hound (D:4)
  An orc priest (D:4)
  Natasha (twice) (D:2)
  An orc wizard (D:4)
  6 adders
  A dart slug (D:4)
  A ribbon worm (D:3)
  8 orcs
  11 endoplasms
  3 giant cockroaches
  4 goblins
  9 hobgoblins
  6 kobolds
  3 quokkas
  6 ball pythons
  5 bats
  A frilled lizard (D:3)
  4 rats
73 creatures vanquished.

Notes
Turn   | Place    | Note
-------+----------+-------------------------------------------
     0 | D:1      | PaiMei the Demonspawn Necromancer began the quest for the
                  | Orb.
     0 | D:1      | Reached XP level 1. HP: 13/13 MP: 3/3
   188 | D:1      | Gained mutation: You may rarely emit foul miasma when
                  | damaged in melee. [demonic ancestry]
   188 | D:1      | Reached XP level 2. HP: 16/19 MP: 0/5
  1258 | D:2      | Reached XP level 3. HP: 25/25 MP: 2/6
  1399 | D:2      | Noticed Sigmund
  1721 | D:2      | Reached skill level 1 in Fighting
  2007 | D:2      | Noticed Natasha
  2363 | D:2      | Killed Natasha
  2364 | D:2      | Reached skill level 5 in Necromancy
  2364 | D:2      | Reached XP level 4. HP: 15/32 MP: 0/8
  2827 | D:2      | Noticed Natasha
  2836 | D:2      | Killed Natasha
  3135 | D:3      | Found a faded altar of an unknown god.
  3291 | D:3      | Reached XP level 5. HP: 35/38 MP: 1/9
  3871 | D:3      | Learned a level 3 spell: Vampiric Draining
  3876 | D:3      | Learned a level 4 spell: Animate Dead
  4628 | D:4      | Noticed Edmund
  4873 | D:4      | Noticed Ijyb
  4876 | D:4      | Reached XP level 6. HP: 46/46 MP: 6/11
  4906 | D:4      | Killed from afar by Ijyb

Illustrated notes

Levels and vault maps discovered:
D:1:      dpeg_arrival_tiny_c, layout_loops_ring
D:2:      layout_loops_corners, st_stairs_6, uniq_sigmund, uniq_natasha
D:3:      layout_basic, shapermc_ecumenical_altar_gd, palyth_stone_intersect,
          kennysheep_generic_room_6
D:4:      minmay_evil_eye, layout_loops_ring, minmay_misc_feat_square,
          uniq_crazy_yiuf_cottage, uniq_edmund, uniq_ijyb

Skill      XL: |  1  2  3  4  5 |
---------------+----------------+-----
Dodging        | 2 3 |  3.2
Stealth        | 2 |  2.0
Fighting       | 1 2 |  2.5
Necromancy     | 5 |  5.5
Spellcasting   | 3 |  3.3

Action                     |  1- 3 |  4- 6 || total
---------------------------+-------+-------++-------
  Melee: Club              |     3 |       ||     3
         Short sword       |     5 |     9 ||    14
         Hand axe          |       |    16 ||    16
   Cast: Necrotise         |    81 |    89 ||   170
         Vampiric Draining |       |     3 ||     3
 Armour: Robe              |    24 |    35 ||    59
  Dodge: Dodged            |    35 |    45 ||    80
